PAA
SALEM MISFITS @ TACOMA FUR TRADERS
09/01/2026
 
TOP OF THE 1ST
Salem Misfits batting - Pitching for Tacoma Fur Traders : RHP Luis Castrejón
Pitching: RHP Luis Castrejón
Batting: RHB Santiago Mosca 0-0: Swinging Strike
0-1: Ball
1-1: Ball
2-1: Ball
3-1: Foul Ball, location: 2F
3-2: Strikes out swinging
Batting: RHB Ramón Ávila 0-0: Foul Ball, location: 2F
0-1: Foul Ball, location: 2F
0-2: Ground out 4-3 (Groundball, 4)
Batting: LHB David Breitling 0-0: Foul Ball, location: 2F
0-1: Called Strike
0-2: Ball
1-2: Ball
2-2: Ground out 5-3 (Groundball, 56)
Top of the 1st over - 0 run(s), 0 hit(s), 0 error(s), 0 left on base; Salem 0 - Tacoma 0
BOTTOM OF THE 1ST
Tacoma Fur Traders batting - Pitching for Salem Misfits : RHP Marv Bradford
Pitching: RHP Marv Bradford
Batting: RHB Andy Moore 0-0: Foul Ball, location: 2F
0-1: Foul Ball, location: 2F
0-2: Strikes out looking
Batting: RHB Luis Flores 0-0: Fly out, F7 (Flyball, 7D)
Batting: SHB Enrique Costello 0-0: Ground out 4-3 (Groundball, 4)
Bottom of the 1st over - 0 run(s), 0 hit(s), 0 error(s), 0 left on base; Salem 0 - Tacoma 0
TOP OF THE 2ND
Salem Misfits batting - Pitching for Tacoma Fur Traders : RHP Luis Castrejón
Batting: LHB Ignacio Medine 0-0: Ball
1-0: Swinging Strike
1-1: Foul Ball, location: 2F
1-2: Foul Ball, location: 2F
1-2: Strikes out looking
Batting: LHB Brent van Schoonhoven 0-0: Ground out U3 (Groundball, 3)
Batting: LHB Jorge García 0-0: Foul Ball, location: 2F
0-1: Ball
1-1: Ball
2-1: Foul Ball, location: 2F
2-2: Foul Ball, location: 2F
2-2: DOUBLE (Line Drive, 8LD)
Batting: RHB Vicente Andros 0-0: Ball
1-0: Ball
2-0: Ball
3-0: Base on Balls
Batting: RHB Jorge Ramos 0-0: Called Strike
0-1: Ball
1-1: Called Strike
1-2: Fly out, F2 (Popup, 15)
Top of the 2nd over - 0 run(s), 1 hit(s), 0 error(s), 2 left on base; Salem 0 - Tacoma 0
BOTTOM OF THE 2ND
Tacoma Fur Traders batting - Pitching for Salem Misfits : RHP Marv Bradford
Batting: RHB Xavier Pérez 0-0: Foul Ball, location: 2F
0-1: Called Strike
0-2: Ball
1-2: Strikes out swinging
Batting: LHB Felipe Trujillo 0-0: Ball
1-0: Fly out, F8 (Line Drive, 8RM)
Batting: LHB Michael Whorton 0-0: Called Strike
0-1: Foul Ball, location: 2F
0-2: Ball
1-2: Ball
2-2: Fly out, F2 (Popup, 34S)
Bottom of the 2nd over - 0 run(s), 0 hit(s), 0 error(s), 0 left on base; Salem 0 - Tacoma 0
TOP OF THE 3RD
Salem Misfits batting - Pitching for Tacoma Fur Traders : RHP Luis Castrejón
Batting: LHB Chris Thurman 0-0: Ball
1-0: Foul Ball, location: 2F
1-1: Ball
2-1: SINGLE (Groundball, 34D)
Batting: RHB Santiago Mosca 0-0: Ball
1-0: Called Strike
1-1: Foul Ball, location: 2F
1-2: SINGLE (Line Drive, 7S)
Chris Thurman to second
Batting: RHB Ramón Ávila 0-0: Called Strike
0-1: Ball
1-1: Swinging Strike
1-2: Fly out, F8 (Flyball, 8RM)
Batting: LHB David Breitling 0-0: Fielders Choice at 2nd, 4-6 (Groundball, 4)
Chris Thurman to third
Batting: LHB Ignacio Medine 0-0: Ball
1-0: Ball
2-0: Swinging Strike
2-1: Ball
3-1: Swinging Strike
3-2: Strikes out swinging
Top of the 3rd over - 0 run(s), 2 hit(s), 0 error(s), 2 left on base; Salem 0 - Tacoma 0
BOTTOM OF THE 3RD
Tacoma Fur Traders batting - Pitching for Salem Misfits : RHP Marv Bradford
Batting: RHB Tim Lehman 0-0: Ball
1-0: Ball
2-0: Called Strike
2-1: Ball
3-1: SINGLE (Line Drive, 89S)
Batting: SHB Carlos Alicea 0-0: Foul Ball, location: 2F
0-1: Ball
1-1: Called Strike
1-2: Ball
2-2: Ball
3-2: Foul Ball, location: 2F
3-2: Fly out, F6 (Popup, 6D)
Batting: RHB Iván Rodríguez 0-0: Ball
1-0: Ball
2-0: Ball
3-0: Base on Balls
Tim Lehman to second
Batting: RHB Andy Moore 0-0: Ball
1-0: Ball
2-0: Ball
3-0: Called Strike
3-1: Called Strike
3-2: Fly out, F7 (Flyball, 78M)
Batting: RHB Luis Flores 0-0: Called Strike
0-1: Called Strike
0-2: SINGLE (Groundball, 4MD)
Tim Lehman to third
Iván Rodríguez to second
Runner from 3rd tries for Home, SAFE, no throw
Batting: SHB Enrique Costello 0-0: Ball
1-0: Fly out, F8 (Flyball, 78M)
Bottom of the 3rd over - 1 run(s), 2 hit(s), 0 error(s), 2 left on base; Salem 0 - Tacoma 1
TOP OF THE 4TH
Salem Misfits batting - Pitching for Tacoma Fur Traders : RHP Luis Castrejón
Batting: LHB Brent van Schoonhoven 0-0: Called Strike
0-1: Ball
1-1: Ball
2-1: Swinging Strike
2-2: Foul Ball, location: 2F
2-2: SINGLE (Groundball, 6MD)
Batting: LHB Jorge García 0-0: Ball
1-0: Swinging Strike
1-1: Fielders Choice at 2nd, 3-6 (Groundball, 3)
Batting: RHB Vicente Andros 0-0: Ball
Jorge García steals 2nd base
1-0: Called Strike
1-1: Called Strike
1-2: Ground out 4-3 (Groundball, 4)
Jorge García to third
Batting: RHB Jorge Ramos 0-0: Swinging Strike
0-1: Ball
1-1: Ball
2-1: Swinging Strike
2-2: Ball
3-2: Foul Ball, location: 2F
3-2: Fly out, F8 (Flyball, 8LS)
Top of the 4th over - 0 run(s), 1 hit(s), 0 error(s), 1 left on base; Salem 0 - Tacoma 1
BOTTOM OF THE 4TH
Tacoma Fur Traders batting - Pitching for Salem Misfits : RHP Marv Bradford
Batting: RHB Xavier Pérez 0-0: SOLO HOME RUN (Flyball, 9LD), Distance : 365 ft
Batting: LHB Felipe Trujillo 0-0: Called Strike
0-1: Foul Ball, location: 2F
0-2: Ball
1-2: Strikes out looking
Batting: LHB Michael Whorton 0-0: Ball
1-0: Called Strike
1-1: Ball
2-1: Ball
3-1: Called Strike
3-2: Foul Ball, location: 2F
3-2: Foul Ball, location: 2F
3-2: Foul Ball, location: 2F
3-2: Fly out, F2 (Popup, 3S)
Batting: RHB Tim Lehman 0-0: Ball
1-0: Foul Ball, location: 2F
1-1: Called Strike
1-2: Ball
2-2: Foul Ball, location: 2F
2-2: Ground out 5-3 (Groundball, 56S)
Bottom of the 4th over - 1 run(s), 1 hit(s), 0 error(s), 0 left on base; Salem 0 - Tacoma 2
TOP OF THE 5TH
Salem Misfits batting - Pitching for Tacoma Fur Traders : RHP Luis Castrejón
Batting: LHB Chris Thurman 0-0: Ball
1-0: Foul Ball, location: 2F
1-1: Called Strike
1-2: Ground out 4-3 (Groundball, 4)
Batting: RHB Santiago Mosca 0-0: Called Strike
0-1: Ball
1-1: Swinging Strike
1-2: Strikes out swinging
Batting: RHB Ramón Ávila 0-0: Ball
1-0: SINGLE (Groundball, 6D)
Batting: LHB David Breitling 0-0: Ball
1-0: 2-RUN HOME RUN (Flyball, 9LD), Distance : 355 ft
Batting: LHB Ignacio Medine 0-0: Called Strike
0-1: Fly out, F8 (Flyball, 89D)
Top of the 5th over - 2 run(s), 2 hit(s), 0 error(s), 0 left on base; Salem 2 - Tacoma 2
BOTTOM OF THE 5TH
Tacoma Fur Traders batting - Pitching for Salem Misfits : RHP Marv Bradford
Batting: SHB Carlos Alicea 0-0: Ball
1-0: Called Strike
1-1: Swinging Strike
1-2: Strikes out swinging
Batting: RHB Iván Rodríguez 0-0: DOUBLE (Line Drive, 8LXD)
Batting: RHB Andy Moore 0-0: Ball
1-0: Called Strike
1-1: Foul Ball, location: 2F
1-2: Foul Ball, location: 2F
1-2: Foul Ball, location: 2F
1-2: Foul Ball, location: 2F
1-2: Ball
2-2: Ball
3-2: Base on Balls
Batting: RHB Luis Flores 0-0: Called Strike
0-1: Foul Ball, location: 2F
0-2: Ball
1-2: Foul Ball, location: 2F
1-2: Ball
2-2: Foul Ball, location: 2F
2-2: SINGLE (Groundball, 34) (infield hit)
Iván Rodríguez to third
Andy Moore to second
Pitching: LHP Rob Murphy
Batting: SHB Enrique Costello 0-0: SINGLE (Groundball, 6MD)
Iván Rodríguez scores
Andy Moore to third
Luis Flores to second
Runner from 3rd tries for Home, throw and OUT!
Luis Flores to third
Enrique Costello to second
Batting: RHB Xavier Pérez 0-0: Ground out 1-3 (Groundball, 13S)
Bottom of the 5th over - 1 run(s), 3 hit(s), 0 error(s), 2 left on base; Salem 2 - Tacoma 3
TOP OF THE 6TH
Salem Misfits batting - Pitching for Tacoma Fur Traders : RHP Luis Castrejón
Batting: LHB Brent van Schoonhoven 0-0: Called Strike
0-1: Ball
1-1: Ball
2-1: Fly out, F6 (Popup, 6)
Batting: LHB Jorge García 0-0: Called Strike
0-1: Foul Ball, location: 2F
0-2: Ball
1-2: Ground out 6-3 (Groundball, 6)
Batting: RHB Vicente Andros 0-0: Ball
1-0: Ball
2-0: Ball
3-0: Base on Balls
Batting: RHB Jorge Ramos 0-0: Ball
1-0: Foul Ball, location: 2F
1-1: Ball
2-1: Foul Ball, location: 2F
2-2: Strikes out looking
Top of the 6th over - 0 run(s), 0 hit(s), 0 error(s), 1 left on base; Salem 2 - Tacoma 3
BOTTOM OF THE 6TH
Tacoma Fur Traders batting - Pitching for Salem Misfits : LHP Rob Murphy
Batting: LHB Felipe Trujillo 0-0: Ball
1-0: Ball
2-0: Called Strike
2-1: Foul Ball, location: 2F
2-2: SINGLE (Groundball, 34D)
Batting: LHB Michael Whorton 0-0: Bunted foul
0-1: Bunted foul
0-2: Ball
1-2: Ball
2-2: Fielders Choice at 2nd, 1-4 (Groundball, 15S)
Batting: RHB Tim Lehman 0-0: Ball
1-0: Ball
2-0: Called Strike
2-1: Fly out, F8 (Flyball, 8RM)
Batting: SHB Carlos Alicea 0-0: Ball
1-0: Called Strike
1-1: Called Strike
1-2: Ball
Michael Whorton steals 2nd base
2-2: Ball
3-2: Foul Ball, location: 2F
3-2: Foul Ball, location: 2F
3-2: Base on Balls
Batting: RHB Iván Rodríguez 0-0: Ball
1-0: Foul Ball, location: 2F
1-1: Foul Ball, location: 2F
1-2: Ball
2-2: Fielders Choice at 2nd, 5-4 (Groundball, 56)
Bottom of the 6th over - 0 run(s), 1 hit(s), 0 error(s), 1 left on base; Salem 2 - Tacoma 3
TOP OF THE 7TH
Salem Misfits batting - Pitching for Tacoma Fur Traders : RHP Luis Castrejón
Batting: LHB Chris Thurman 0-0: Called Strike
0-1: Ball
1-1: Foul Ball, location: 2F
1-2: Ball
2-2: Strikes out looking
Batting: RHB Santiago Mosca 0-0: Foul Ball, location: 2F
0-1: SINGLE (Groundball, 34D)
Pitching: LHP Pedro Pérez
Pinch Hitting: RHB Gonzalo Ángel 0-0: Ball
1-0: Ball
Wild Pitch!
Santiago Mosca to second
2-0: Ball
3-0: Called Strike
3-1: Base on Balls
Batting: LHB David Breitling 0-0: Foul Ball, location: 2F
0-1: Called Strike
Gonzalo Ángel steals 2nd base
Santiago Mosca to third
0-2: Ground out 6-3 (Groundball, 6M)
Batting: LHB Ignacio Medine 0-0: SINGLE (Flyball, 8RS)
Santiago Mosca scores
Gonzalo Ángel to third
Runner from 3rd tries for Home, SAFE, no throw
Batting: LHB Brent van Schoonhoven 0-0: Ball
1-0: Ball
2-0: Ground out 3-1 (Groundball, 34)
Top of the 7th over - 2 run(s), 2 hit(s), 0 error(s), 1 left on base; Salem 4 - Tacoma 3
BOTTOM OF THE 7TH
Tacoma Fur Traders batting - Pitching for Salem Misfits : LHP Rob Murphy
Now at 3B: Jim Unknown
Batting: RHB Andy Moore 0-0: Reached on error, E5 (Groundball, 56)
Batting: RHB Luis Flores 0-0: Called Strike
0-1: Ball
1-1: Called Strike
1-2: Ball
2-2: Strikes out swinging
Batting: SHB Enrique Costello 0-0: Ball
1-0: Ground out 6-3 (Groundball, 56)
Batting: RHB Xavier Pérez 0-0: Ball
1-0: Called Strike
1-1: Hit by Pitch
Batting: LHB Felipe Trujillo 0-0: Swinging Strike
0-1: Fly out, F7 (Flyball, 7S)
Bottom of the 7th over - 0 run(s), 0 hit(s), 1 error(s), 2 left on base; Salem 4 - Tacoma 3
TOP OF THE 8TH
Salem Misfits batting - Pitching for Tacoma Fur Traders : LHP Pedro Pérez
Batting: LHB Jorge García 0-0: Ball
1-0: Ball
2-0: Ball
3-0: Called Strike
3-1: Fly out, F7 (Flyball, 7)
Batting: RHB Vicente Andros 0-0: Called Strike
0-1: SINGLE (Groundball, 4D)
Pinch Hitting: RHB Ryan Fiore 0-0: Ball
1-0: Called Strike
1-1: Ball
2-1: Ball
3-1: Base on Balls
Vicente Andros to second
Batting: LHB Chris Thurman 0-0: Ball
1-0: Called Strike
1-1: Swinging Strike
1-2: Strikes out swinging
Batting: RHB Santiago Mosca 0-0: Ball
1-0: Foul Ball, location: 2F
1-1: Ball
2-1: Foul Ball, location: 2F
2-2: Fly out, F7 (Flyball, 78M)
Top of the 8th over - 0 run(s), 1 hit(s), 0 error(s), 2 left on base; Salem 4 - Tacoma 3
BOTTOM OF THE 8TH
Tacoma Fur Traders batting - Pitching for Salem Misfits : LHP Rob Murphy
Now at 2B: Jim Unknown
Batting: LHB Michael Whorton 0-0: Called Strike
0-1: Ball
1-1: Ball
2-1: Swinging Strike
2-2: Ball
3-2: Strikes out swinging
Pitching: RHP José Vargo
Batting: RHB Tim Lehman 0-0: Ball
1-0: Ball
2-0: Swinging Strike
2-1: Foul Ball, location: 2F
2-2: Foul Ball, location: 2F
2-2: SINGLE (Line Drive, 8RM)
Pitching: RHP Elmer García
Batting: SHB Carlos Alicea 0-0: Ball
1-0: Ball
2-0: Bunted foul
2-1: Sac Bunt - play at first, batter OUT! 2-4
Tim Lehman to second
Pitching: RHP Zach Wells
Batting: RHB Iván Rodríguez 0-0: SINGLE (Groundball, 6MD)
Tim Lehman to third
Runner from 3rd tries for Home, SAFE, no throw
Batting: RHB Andy Moore 0-0: Swinging Strike
0-1: Fly out, F4 (Line Drive, 4)
Bottom of the 8th over - 1 run(s), 2 hit(s), 0 error(s), 1 left on base; Salem 4 - Tacoma 4
TOP OF THE 9TH
Salem Misfits batting - Pitching for Tacoma Fur Traders : LHP Pedro Pérez
Pitching: RHP Brooks Dempsey
Batting: RHB Jim Unknown 0-0: Ball
1-0: Fly out, F9 (Flyball, 89M)
Batting: LHB David Breitling 0-0: Called Strike
0-1: Ball
1-1: Swinging Strike
1-2: Foul Ball, location: 2F
1-2: Ball
2-2: Strikes out swinging
Batting: LHB Ignacio Medine 0-0: Called Strike
0-1: Ball
1-1: Foul Ball, location: 2F
1-2: Strikes out swinging
Top of the 9th over - 0 run(s), 0 hit(s), 0 error(s), 0 left on base; Salem 4 - Tacoma 4
BOTTOM OF THE 9TH
Tacoma Fur Traders batting - Pitching for Salem Misfits : RHP Zach Wells
Pitching: LHP Jorge Cedeńo
Batting: RHB Luis Flores 0-0: Ball
1-0: Ball
2-0: SOLO HOME RUN (Flyball, 8LXD), Distance : 440 ft
Monday, March 20th, 2017 - OOTP Baseball 17.12 Build 75